 Dungeon Crawl Stone Soup version 0.30-a0-567-gf7fd966b4a (webtiles) character file.

Game seed: 5930425650840887110

65 tsouns the Magician (level 3, -3/16 HPs)
             Began as a Spriggan Conjurer on Dec 28, 2022.
             Was a Plaything of Xom.
             Killed from afar by Sigmund (9 damage)
             ... with a magic dart
             ... on level 2 of the Dungeon.
             The game lasted 00:02:39 (1229 turns).

tsouns the Magician (Spriggan Conjurer)             Turns: 1229, Time: 00:02:40

Health: -3/16      AC:  2    Str:  3    XL:     3   Next: 94%
Magic:  0/9        EV: 17    Int: 21    God:    Xom [......]
Gold:   40         SH:  0    Dex: 13    Spells: 7/10 levels left

rFire   . . .      SeeInvis +    (weapon restricted)
rCold   . . .      Faith    .    (no shield)
rNeg    . . .      Spirit   .    a - +0 robe
rPois   .          Reflect  .    (helmet restricted)
rElec   .          Harm     .    (no cloak)
rCorr   .          Rampage  .    (gloves unavailable)
Will    .....                    (boots unavailable)
Stlth   ++                       (no amulet)
HPRegen 0.22/turn                (no ring)
MPRegen 0.11/turn                (no ring)

@: very quick
A: very small, no large weapons, unfitting armour, see invisible, speed 3
a: Renounce Religion


You were on level 2 of the Dungeon.
You worshipped Xom.
You were a very special plaything of Xom.
You visited 1 branch of the dungeon, and saw 2 of its levels.

You collected 40 gold pieces.

Inventory:

Armour
 a - a +0 robe (worn)
Scrolls
 e - a scroll of vulnerability {unknown}
 f - a scroll of identify {unknown}
Potions
 b - 2 potions of magic
 c - a potion of heal wounds {unknown}
 d - a potion of experience {unknown}


   Skills:
 - Level 2.6 Dodging
 - Level 3.0 Stealth
 + Level 4.2 Spellcasting
 + Level 3.6 Conjurations


You had 7 spell levels left.
You knew the following spells:

 Your Spells              Type           Power      Damage    Failure   Level
a - Magic Dart            Conj           76%        1d6       2%          1
b - Searing Ray           Conj           38%        2d5       4%          2

Your spell library contained the following spells:

 Spells                   Type           Power      Damage    Failure   Level
 Dazzling Flash           Conj/Hex       24%        N/A       17%         3
 Fulminant Prism          Conj/Hex       6%         3d6       50%         4
 Iskenderun's Mystic Bla  Conj/Tloc      12%        2d5       50%         4


Dungeon Overview and Level Annotations

Branches:
Dungeon (2/15)

Altars:
Xom

Annotations:
D:2 Sigmund, Terence


Innate Abilities, Weirdness & Mutations

You are very small and have problems with some larger weapons.
You are too small for most types of armour.
You have supernaturally acute eyesight. (SInv)
You cover ground extremely quickly. (Speed+++)


Message History

Sigmund is heavily wounded.
Xom decides to rearrange the pieces.
You swap places with Sigmund.
Sigmund points at you and mumbles some strange words.
The magic dart hits you.
Casting: Searing Ray (safe; 4% risk of failure)
Confirm with . or Enter, or press ? or * to list all spells.
Aiming: Searing Ray (safe; 4% risk of failure)
Press: ? - help, Shift-Dir - straight line, f/p - Sigmund
Aim: Sigmund, wielding a +0 scythe and wearing a +0 robe (heavily wounded, 75% to hit)
The searing ray misses Sigmund. (Press . to maintain the ray.) Unknown command.
The searing ray hits Sigmund!
Sigmund is almost dead.
Sigmund gestures at you while chanting. The puff of flame misses you.
Unknown command.
Without enough magic to sustain it, your searing ray dissipates.
Sigmund smiles chillingly.
Sigmund hits you from afar with a +0 scythe!
A shower of butterflies erupts from you!
Unknown command.
You swap places.
Sigmund hits your butterfly with a +0 scythe!
Your butterfly dies!
Your butterfly degenerates into a cloud of primal chaos!
You swap places.
Casting: Searing Ray (safe; 4% risk of failure)
Confirm with . or Enter, or press ? or * to list all spells.
Aiming: Magic Dart (safe; 2% risk of failure)
Press: ? - help, Shift-Dir - straight line, f/p - Sigmund
Aim: Sigmund, wielding a +0 scythe and wearing a +0 robe (almost dead, ally target, 100% to hit)
The magic dart hits Sigmund.
Sigmund is almost dead.
Sigmund points at you and mumbles some strange words.
The magic dart hits you!
Ouch! That really hurt!
You die...
Xom chortles!

..# #. #.# #.# #.#
##. #.# ##.###....
#.# #....).... #.#
####....####.
#.#####.b.....#
#.##.b........#
#....@..###.#.#
#@##.##.# #.#.#
#.##.##.###.#..
#.@.........####
#.##)#..###..
############.##.#..#
..
#...........).<††..#
#.##########.##†#.##
#.# #.##.#.#


You could see Sigmund (ally target).

Vanquished Creatures
  3 gnolls (D:2)
  An adder (D:2)
  6 ball pythons
  A bat (D:1)
  2 endoplasms (D:2)
  A giant cockroach (D:1)
  4 jackals (D:2)
  A kobold (D:2)
  2 quokkas (D:2)
  3 goblins (D:1)
  2 rats
26 creatures vanquished.

Vanquished Creatures (others)
  7 plants (D:2)
7 creatures vanquished.

Grand Total: 33 creatures vanquished

Notes
Turn   | Place    | Note
-------+----------+-------------------------------------------
     0 | D:1      | tsouns the Spriggan Conjurer began the quest for the Orb.
     0 | D:1      | Reached XP level 1. HP: 9/9 MP: 5/5
   260 | D:1      | Reached skill level 3 in Spellcasting
   535 | D:1      | Found a faded altar of an unknown god.
   538 | D:1      | Prayed at the altar of an unknown god.
   538 | D:1      | Became a worshipper of Xom of Chaos
   563 | D:1      | Reached XP level 2. HP: 13/13 MP: 4/7
   700 | D:1      | XOM: silly message
   934 | D:2      | Noticed Terence
   981 | D:1      | Learned a level 2 spell: Searing Ray
   986 | D:2      | Reached XP level 3. HP: 16/16 MP: 3/9
   986 | D:2      | Noticed Sigmund
  1194 | D:2      | Reached skill level 4 in Spellcasting
  1196 | D:2      | XOM: potion effect (magic)
  1213 | D:2      | XOM: destruction
  1214 | D:2      | XOM: swap monsters
  1217 | D:2      | XOM: butterfly on damage
  1229 | D:2      | Killed from afar by Sigmund

Illustrated notes

Levels and vault maps discovered:
D:1:      eino_arrival_water_cross, layout_loops_cross,
          shapermc_ecumenical_altar_mp_vishouse, kennysheep_crisscross,
          chequers_garden
D:2:      layout_loops_ring, chequers_big_river, uniq_sigmund, uniq_terence

Skill      XL: |  1  2  3 |
---------------+----------+-----
Conjurations   | 3 |  3.6
Spellcasting   | 3 4 |  4.2
Dodging        | |  2.6
Stealth        | |  3.0

Action                   || total
-------------------------++-------
Melee: Unarmed           ||     7
 Cast: Magic Dart        ||    48
       Searing Ray       ||     4
Armor: Robe              ||     1
Dodge: Dodged            ||    20

Table legend: (Time is in decaauts)
 A = Elapsed time spent in this place.
 B = Non-inter-level travel time spent in this place.
 C = Inter-level travel time spent in this place.
 D = Time resting spent in this place.
 E = Time spent auto-exploring this place.
 F = Levels seen in this place.
 G = Mean time per level.
                   A        B        C        D        E       F      G
               +--------+--------+--------+--------+--------+-----+--------+
         Total |    933 |    888 |     45 |     59 |    696 |   2 |  466.5 |
       Dungeon |    933 |    888 |     45 |     59 |    696 |   2 |  466.5 |
               +--------+--------+--------+--------+--------+-----+--------+

Top non-repeatable levels by time:
     D:1: 702 daAuts
     D:2: 231 daAuts
